 Dungeon Crawl Stone Soup version 0.27-a0-597-g524d869a0f (webtiles) character file.

Game seed: 10846051781583999848

44 srzhan31 the Conjurer (level 3, -2/19 HPs)
             Began as a Gargoyle Conjurer on Mar 11, 2021.
             Slain by an adder (3 damage)
             ... on level 2 of the Dungeon.
             The game lasted 00:02:03 (1248 turns).

srzhan31 the Conjurer (Gargoyle Conjurer)           Turns: 1248, Time: 00:02:04

Health: -2/19      AC:  5    Str: 10    XL:     3   Next: 62%
Magic:  2/6        EV: 11    Int: 19    God:
Gold:   20         SH:  0    Dex:  8    Spells: 3/6 levels left

rFire    . . .     SeeInvis .   (no weapon)
rCold    . . .     Faith    .   (no shield)
rNeg     + . .     Spirit   .   a - +0 robe
rPois    ∞         Reflect  .   (no helmet)
rElec    +         Harm     .   (no cloak)
rCorr    .         Rampage  .   (no gloves)
Will     .....                  (no boots)
Stlth    ++........             (no amulet)
HPRegen  0.06/turn              (no ring)
MPRegen  0.10/turn              (no ring)

@: no status effects
A: negative energy resistance 1, electricity resistance, torment resistance 1,
unbreathing 1, petrification resistance, AC +3
a: no special abilities


You were on level 2 of the Dungeon.
You visited 1 branch of the dungeon, and saw 2 of its levels.

You collected 20 gold pieces.

Inventory:

Armour
 a - a +0 robe (worn)
 c - a +0 buckler
 f - a +1 robe of willpower
Scrolls
 b - 3 scrolls of identify {unknown}
 d - a scroll of immolation {unknown}
 e - a scroll of random uselessness {unknown}


   Skills:
 * Level 0.4 Armour
 * Level 1.7 Dodging
 - Level 2.3 Stealth
 * Level 0.5 Shields
 * Level 2.2 Spellcasting
 * Level 5.3 Conjurations


You had 3 spell levels left.
You knew the following spells:

 Your Spells              Type           Power      Damage    Failure   Level
a - Magic Dart            Conj           88%        1d7       1%          1
b - Searing Ray           Conj           44%        3d4       2%          2

Your spell library contained the following spells:

 Spells                   Type           Power      Damage    Failure   Level
 Dazzling Flash           Conj/Hex       24%        N/A       17%         3
 Fulminant Prism          Conj/Hex       6%         3d7       50%         4
 Iskenderun's Mystic Bla  Conj/Tloc      12%        2d5       50%         4


Dungeon Overview and Level Annotations

Branches:
Dungeon (2/15)

Altars:


Innate Abilities, Weirdness & Mutations

Your stone body is resilient. (AC +3)
You are immune to poison.
You resist negative energy. (rN+)
You are resistant to electric shocks. (rElec)
You are resistant to unholy torment.
You can survive without breathing.
You are immune to petrification.


Message History

The adder bites you but does no damage.
You barely miss the adder.
The adder is heavily wounded.
The adder bites you. The adder closely misses you.
You miss the adder.
The adder is heavily wounded.
The adder bites you but does no damage.
A rat comes into view.
You hit the adder.
The adder is heavily wounded.
The adder bites you.
You hit the adder.
The adder is heavily wounded.
The adder misses you. The worm bites you but does no damage.
The adder closely misses you.
You miss the adder.
The adder is heavily wounded.
The adder bites you. The worm closely misses you.
You miss the adder.
The adder is heavily wounded.
The adder completely misses you.
You barely miss the adder.
The adder is heavily wounded.
The adder misses you. The worm bites you but does no damage.
The adder barely misses you.
You barely miss the adder.
The adder is heavily wounded.
The adder bites you.
You barely miss the adder.
The adder is heavily wounded.
The adder bites you but does no damage. The worm bites you!
Ouch! That really hurt!
* * * LOW HITPOINT WARNING * * *
You completely miss the adder.
The adder is heavily wounded.
The adder barely misses you. The worm closely misses you.
You hit the adder.
The adder is almost dead.
The adder bites you.
You die...

# . .# ####. ....
#.. #w# #@# . #S#
.S. ####r##.....
#.######........#
.......<......###
#.######.##.#.#
#.##.#...
...#.#####
(...#..


You could see a worm, an adder and a rat.

Vanquished Creatures
  Jessica (D:2)
  2 dart slugs
  A leopard gecko (D:1)
  A giant cockroach (D:1)
  A ball python (D:1)
  4 bats (D:1)
  2 frilled lizards (D:1)
  2 goblins (D:1)
  2 kobolds (D:1)
16 creatures vanquished.

Notes
Turn   | Place    | Note
-------+----------+-------------------------------------------
     0 | D:1      | srzhan31 the Gargoyle Conjurer began the quest for the Orb.
     0 | D:1      | Reached XP level 1. HP: 10/10 MP: 3/3
   564 | D:1      | Reached XP level 2. HP: 15/15 MP: 3/5
   567 | D:1      | Learned a level 2 spell: Searing Ray
   921 | D:1      | Reached skill level 5 in Conjurations
  1227 | D:2      | Noticed Jessica
  1230 | D:2      | Killed Jessica
  1231 | D:2      | Reached XP level 3. HP: 19/19 MP: 2/6
  1248 | D:2      | Slain by an adder

Illustrated notes

Levels and vault maps discovered:
D:1:      saegor_arrival_miasma, layout_loops_corners, minmay_misc_feat_rugged,
          corexii_corridor_pit
D:2:      minmay_recursive_quarters, layout_loops_ring, kennysheep_minor_cross,
          uniq_jessica

Skill      XL: |  1  2 |
---------------+-------+-----
Conjurations   | 5 |  5.3
Armour         | |  0.4
Dodging        | |  1.7
Stealth        | |  2.3
Shields        | |  0.5
Spellcasting   | |  2.2

Action                   || total
-------------------------++-------
Melee: Unarmed           ||    13
 Cast: Magic Dart        ||    24
       Searing Ray       ||     3
Armor: Robe              ||     6
Dodge: Dodged            ||    12

Table legend: (Time is in decaauts)
 A = Elapsed time spent in this place.
 B = Non-inter-level travel time spent in this place.
 C = Inter-level travel time spent in this place.
 D = Time resting spent in this place.
 E = Time spent auto-exploring this place.
 F = Levels seen in this place.
 G = Mean time per level.
                   A        B        C        D        E       F      G
               +--------+--------+--------+--------+--------+-----+--------+
         Total |   1247 |   1247 |      0 |      0 |   1148 |   2 |  623.5 |
       Dungeon |   1247 |   1247 |      0 |      0 |   1148 |   2 |  623.5 |
               +--------+--------+--------+--------+--------+-----+--------+

Top non-repeatable levels by time:
     D:1: 1200 daAuts
     D:2: 47 daAuts
